 Dungeon Crawl Stone Soup version 0.23-a0-629-gae4348f (webtiles) character file.

304 MalarOregon the Chiller (level 6, -1/46 HPs)
             Began as a Merfolk Ice Elementalist on Dec 27, 2018.
             Slain by a phantom (10 damage)
             ... on level 4 of the Dungeon.
             The game lasted 00:07:56 (3373 turns).

MalarOregon the Chiller (Merfolk Ice Elementalist)  Turns: 3373, Time: 00:07:57

Health: -1/46      AC:  2    Str:  8    XL:     6   Next: 38%
Magic:  6/10       EV: 14    Int: 17    God:
Gold:   75         SH:  0    Dex: 14    Spells: 8/11 levels left

rFire    . . .     SeeInvis .   m - +0 trident
rCold    . . .     Gourm    .   (no shield)
rNeg     . . .     Faith    .   g - +0 robe (curse)
rPois    .         Spirit   .   (no helmet)
rElec    .         Reflect  .   (no cloak)
rCorr    .         Harm     .   (no gloves)
MR       .....                  (no boots)
Stlth    ++........             (no amulet)
HPRegen  0.15/turn              (no ring)
MPRegen  0.12/turn              (no ring)

@: no status effects
A: change form in water, swift swim, stealthy swim
a: no special abilities


You were on level 4 of the Dungeon.
You were hungry.

You visited 1 branch of the dungeon, and saw 4 of its levels.

You collected 75 gold pieces.

Inventory:

Hand Weapons
 i - a +2 dagger of protection
   (You took it off a kobold on level 1 of the Dungeon)
 m - a +0 trident (weapon)
   (You took it off an orc on level 2 of the Dungeon)
Armour
 b - a cursed +0 leather armour
   (You found it on level 1 of the Dungeon)
 g - a cursed +0 robe (worn)
   (You found it on level 1 of the Dungeon)
 k - a cursed +0 helmet
   (You took it off Robin on level 2 of the Dungeon)
Jewellery
 j - an uncursed ring of magical power {unknown}
   (You found it on level 2 of the Dungeon)
Wands
 t - a wand of flame (24)
   (You took it off Robin on level 2 of the Dungeon)
Scrolls
 d - a scroll of enchant armour {unknown}
 h - 12 scrolls of identify {unknown}
 l - a scroll of teleportation {unknown}
 o - a scroll of immolation {unknown}
 q - a scroll of noise {unknown}
Potions
 a - 3 potions of might {unknown}
 c - 2 potions of curing {unknown}
 n - a potion of haste {unknown}
 p - a potion of agility {unknown}
Comestibles
 e - 5 rations {!d}
 f - 7 chunks of flesh


   Skills:
 + Level 2.7 Fighting
 + Level 1.3 Polearms
 + Level 4.4 Dodging
 - Level 2.1 Stealth
 + Level 3.1 Spellcasting
 - Level 0.7 Conjurations
 * Level 5.3 Ice Magic


You had 8 spell levels left.
You knew the following spells:

 Your Spells              Type           Power        Failure   Level  Hunger
a - Freeze                Ice            ###.         1%          1    None
x - Throw Frost           Conj/Ice       ##....       8%          2    ##.....

Your spell library contained the following spells:

 Spells                   Type           Power        Failure   Level  Hunger
 Ozocubu's Armour         Chrm/Ice       ##......     17%         3    ###....
 Throw Icicle             Conj/Ice       ##......     45%         4    ####...
 Summon Ice Beast         Ice/Summ       ##......     50%         4    ####...


Dungeon Overview and Level Annotations

Branches:
Dungeon (4/15)
 Temple: D:4-7

Altars:


Message History

* * * LOW HITPOINT WARNING * * *
The phantom blinks!
You are too injured to fight recklessly!
You are too injured to fight recklessly!
Aim: a phantom (lightly damaged)
The puff of frost hits the phantom.
The phantom completely resists.
An adder skeleton comes into view.
Aim: a phantom (lightly damaged)
You miscast Throw Frost.
You are very lightly contaminated with residual magic.
A chill runs through your body.
Aim: a phantom (lightly damaged)
The puff of frost hits the phantom.
The phantom completely resists.
The phantom blinks!
Aim: an adder skeleton The puff of frost hits the adder skeleton.
The adder skeleton resists.
You don't have enough magic to cast that spell.
The phantom blinks!
Your magical contamination has completely faded away.
Wield which item (- for none, * to show all)? (? for menu, Esc to quit)
Your +2 dagger of protection goes still.
m - a +0 trident (weapon)
You hit the adder skeleton.
The adder skeleton barely misses you. x2
You puncture the adder skeleton! The adder skeleton misses you.
You barely miss the adder skeleton. The adder skeleton bites you.
You hit the adder skeleton.
You destroy the adder skeleton!
Attack whom?
Aim: a phantom You reach to attack!
You miss the phantom.
The phantom blinks!
You closely miss the phantom.
The phantom blinks!
Attack whom?
Aim: a phantom You reach to attack!
You hit the phantom but do no damage.
The phantom blinks!
The phantom blinks!
You hit the phantom but do no damage.
You are feeling hungry.
The phantom hits you!
* * * LOW HITPOINT WARNING * * *
You barely miss the phantom. The phantom barely misses you.
You closely miss the phantom. The phantom hits you.
* * * LOW HITPOINT WARNING * * *
You hit the phantom. The phantom hits you!
* * * LOW HITPOINT WARNING * * *
The phantom blinks!
You hit the phantom.
The phantom hits you but does no damage.
You puncture the phantom! The phantom hits you!
You die...

...).......# +....#
...........#######.... ##
..........##.#......# #.
..........#..#......+ #.
..........#..#......# #.
..........#..#......#######+####.
#+##......#..#.........รท.........
#......#'##...................
+...........W@................
##+#.....................>.......
..............######.............
..............#....#.............
..........#####....##'###########
..........#...............'.....'
.......)..#...............#.....#
..........#######################
########### #


You could see a phantom.

Vanquished Creatures
  An ogre (D:4)
  An orc wizard (D:3)
  Robin (D:2)
  9 adders
  An ooze (D:1)
  An adder skeleton (D:4)
  3 worms
  2 dart slugs (D:1)
  2 leopard geckos (D:1)
  4 orcs
  3 giant cockroaches
  12 goblins
  5 hobgoblins
  7 jackals
  7 kobolds
  A quokka (D:2)
  7 bats
  5 frilled lizards
  8 rats
80 creatures vanquished.

Notes
Turn   | Place    | Note
-------+----------+-------------------------------------------
     0 | D:1      | MalarOregon the Merfolk Ice Elementalist began the quest
                  | for the Orb.
     0 | D:1      | Reached XP level 1. HP: 13/13 MP: 3/3
   171 | D:1      | Reached XP level 2. HP: 10/20 MP: 0/5
   501 | D:1      | Learned a level 2 spell: Throw Frost
   744 | D:1      | Reached skill level 1 in Fighting
   773 | D:1      | Reached XP level 3. HP: 26/26 MP: 3/6
  1118 | D:2      | Reached skill level 4 in Ice Magic
  1132 | D:2      | Reached XP level 4. HP: 30/32 MP: 0/7
  1560 | D:2      | Reached XP level 5. HP: 27/38 MP: 2/9
  1666 | D:2      | Noticed Robin
  1704 | D:2      | Killed Robin
  2821 | D:3      | Reached skill level 5 in Ice Magic
  3128 | D:4      | Noticed an ogre
  3134 | D:4      | Killed an ogre
  3134 | D:4      | Reached skill level 1 in Polearms
  3134 | D:4      | Reached XP level 6. HP: 46/46 MP: 1/10
  3308 | D:4      | Noticed a phantom
  3373 | D:4      | Slain by a phantom

Vault maps used:
D:1:      elethiomel_arrival_shortcut, minmay_tromino_v4_a
D:2:      minmay_recursive_quarters, uniq_robin
D:3:      serial_park_tiny_pond
D:4:      grunt_temple_overflow_octagram, uniq_duvessa

Skill      XL: |  1  2  3  4  5 |
---------------+----------------+-----
Dodging        | 3 4 |  4.4
Fighting       | 1 2 |  2.7
Ice Magic      | 4 5 |  5.3
Polearms       | 1 |  1.3
Spellcasting   | 3 |  3.1
Stealth        | |  2.1
Conjurations   | |  0.7

Action                   |  1- 3 |  4- 6 || total
-------------------------+-------+-------++-------
Melee: Unarmed           |    10 |       ||    10
       Dagger            |    40 |   145 ||   185
       Trident           |       |    13 ||    13
 Cast: Freeze            |    30 |    51 ||    81
       Throw Frost       |    11 |    14 ||    25
Evoke: Wand              |       |     2 ||     2
 Stab: Sleeping          |     2 |     1 ||     3
       Distracted        |       |     1 ||     1
  Eat: Chunk             |     2 |     8 ||    10
Armor: Robe              |    16 |    50 ||    66
Dodge: Dodged            |    38 |   152 ||   190

Table legend:
 A = Non-vault XP
 B = Vault XP
 C = Vault XP percentage of total XP
 D = Non-vault monster count
 E = Vault monster count
 F = Vault count percentage of total count
                 A         B        C        D         E       F
            +---------+---------+-------+---------+---------+-------
      Total |     358 |      77 |  17.7 |      57 |      23 |  28.8
            +---------+---------+-------+---------+---------+-------
        D:1 |      49 |       3 |   5.8 |      22 |       3 |  12.0
        D:2 |      86 |      74 |  46.2 |      15 |      20 |  57.1
        D:3 |      85 |       0 |   0.0 |      14 |       0 |   0.0
        D:4 |     138 |       0 |   0.0 |       6 |       0 |   0.0
            +---------+---------+-------+---------+---------+-------
